 Dungeon Crawl Stone Soup version 0.31-a0-358-gac0dbeb3ab (webtiles) character file.

Game seed: 16909474919775978650

16359 AIAndy the Grappler (level 12, 0/79 HPs)
             Began as an Octopode Shapeshifter on July 25, 2023.
             Was a High Priest of Nemelex Xobeh.
             Slain by an ice devil (10 damage)
             ... in an ice cave.
             The game lasted 01:03:08 (10766 turns).

AIAndy the Grappler (Octopode Shapeshifter)        Turns: 10766, Time: 01:03:09

Health: 0/79       AC:  9    Str: 23    XL:     12   Next: 36%
Magic:  16/21      EV: 11    Int: 16    God:    Nemelex Xobeh [*****.]
Gold:   553        SH:  0    Dex: 23    Spells: 20/23 levels left

rFire   . .          .
                       - Unarmed
rCold   . . .        (shield currently unavailable)
rNeg    . . .        (helmet currently unavailable)
rPois   .            B - amulet "Woebesmo" {Faith Will+ Regen+ Dex+3}
rElec   .            I - +6 ring of intelligence
rCorr   .            X - +6 ring of dexterity
SInv    .            L - ring of flight
Will    +....        (no ring)
Stlth   ++           (no ring)
HPRegen 1.13/turn    (no ring)
MPRegen 0.17/turn    (no ring)
                     (no ring)

%: faith
@: snake-form, flying
A: constrict, boosted hp, almost no armour, amphibious, 8 rings, large,
(camouflage 1), (gelatinous body 1), (nimble swimmer 1), (tentacles)
a: Begin Untransformation, Renounce Religion, Draw Escape, Draw Destruction,
Draw Summoning, Triple Draw, Deal Four, Stack Five


You were in an ice cave.
You worshipped Nemelex Xobeh.
Nemelex Xobeh was extremely pleased with you.
You were an enormous anaconda.
You visited 2 branches of the dungeon, and saw 13 of its levels.
You also visited: Ossuary, Bailey and Ice Cave.

You collected 696 gold pieces.
You spent 143 gold pieces at shops.


Innate Abilities, Weirdness & Mutations

You are an enormous anaconda.
You have a powerful constriction melee attack.
Your maximum health is increased.
Your armour is entirely melded.
You are incapable of wielding weapons or throwing items.
You cannot wear most types of armour.
You are amphibious.
You can wear up to eight rings at the same time.
((Your skin changes colour to match your surroundings (Stealth+).))
((Your rubbery body absorbs attacks. (AC +1, EV +1)))
((You are camouflaged when in or above water. (Stealth+)))
((You have tentacles for arms and can constrict up to eight enemies at once.))


   Skills:
 - Level 1.0 Fighting
 - Level 2.0 Dodging
 + Level 10.3 Unarmed Combat
 - Level 6.0 Spellcasting
 - Level 7.0 Translocations
 - Level 7.0 Air Magic
 + Level 9.1 Invocations
 + Level 8.7 Shapeshifting


You had 20 spell levels left.
You knew the following spells:

 Your Spells              Type           Power      Damage    Failure   Level
X - Vhi's Electric Charg  Tloc/Air       54%        N/A       2%          3

Your spell library contained the following spells:

 Spells                   Type           Power      Damage    Failure   Level
 Portal Projectile        Hex/Tloc       32%        N/A       10%         3
 Call Canine Familiar     Summ           4%         N/A       38%         3
 Ozocubu's Armour         Ice            4%         N/A       38%         3
 Arcjolt                  Conj/Air       8%         1d18      65%         5
 Cause Fear               Hex            2%         N/A       80%         4
 Leda's Liquefaction      Hex/Erth       2%         N/A       80%         4
 Fireball                 Conj/Fire      2%         3d4       98%         5
 Metabolic Englaciation   Hex/Ice        2%         N/A       98%         5
 Plasma Beam              Fire/Air       8%         2x1d18    99%         6
 Simulacrum               Ice/Necr       2%         N/A       100%        6
 Dragon's Call            Summ           2%         N/A       100%        9

Inventory:

Missiles
 i - 46 poisoned darts
 E - 26 boomerangs
 F - 4 javelins (quivered)
 G - 14 curare-tipped darts {=f}
 O - 8 datura-tipped darts
Jewellery
 j - an amulet of the acrobat
 k - an amulet of magic regeneration
 B - the amulet "Woebesmo" (around neck) {Faith Will+ Regen+ Dex+3}
   (You found it on level 6 of the Dungeon)

   [amulet of faith]

   It allows you to gain divine favour quickly.
   Dex:       It affects your dexterity (+3).
   Regen:     It increases your rate of health regeneration.
   Will:      It increases your willpower.
 I - a +6 ring of intelligence (left tentacle)
 L - a ring of flight (on tentacle)
 X - a +6 ring of dexterity (right tentacle)
Talismans
 b - a beast talisman
 K - a serpent talisman
Wands
 c - a wand of iceblast (18)
 o - a wand of mindburst (6)
 z - a wand of digging (5)
 C - a wand of flame (41)
 H - a wand of polymorph (10)
 M - a wand of charming (8)
Scrolls
 d - 4 scrolls of amnesia
 e - 2 scrolls of vulnerability {!r}
 g - 3 scrolls of poison {!r}
 h - 4 scrolls of teleportation {@r4}
 q - a scroll of revelation
 t - 2 scrolls of blinking
 A - 2 scrolls of immolation {!r}
 D - a scroll of enchant armour {unknown}
 P - 2 scrolls of enchant weapon
 S - a scroll of fog {unknown}
Potions
 a - 3 potions of lignification {!q}
 f - 2 potions of attraction {!q}
 l - a potion of invisibility
 m - 2 potions of might
 p - 4 potions of berserk rage {!q}
 r - a potion of ambrosia
 s - 7 potions of curing {@q1}
 u - 3 potions of enlightenment
 v - 3 potions of haste {@q3}
 x - 2 potions of magic
 Q - a potion of brilliance
Miscellaneous
 y - a piece from Xom's chessboard (15/15)
 N - a phantom mirror
 R - a lightning rod (4/4)

Dungeon Overview and Level Annotations

Branches:
Dungeon (12/15)            Temple (1/1) D:4            Lair (0/5) D:10
    Orc (0/2) D:9         Ossuary (visited)          Bailey (visited)
  IceCv (1/1)

Altars:
Ashenzari
Cheibriados
Dithmenos
Elyvilon
Fedhas
Gozag
Hepliaklqana
Kikubaaqudgha
Makhleb
Nemelex Xobeh
Okawaru
Qazlal
Ru
Sif Muna
Trog
Uskayaw
Vehumet
Wu Jian
Xom
Yredelemnul
Zin
The Shining One

Shops:
D:1 [   D:3 :   D:4 !   D:5 [

Annotations:
D:7 1 runed translucent door, AdnanSaban's ghost, novice GrFi
D:10 2 runed translucent doors, exclusion: oklob plant

...............
...............
#....Z........#
...........
.........
#.....# #...#
##@4Z# #..S##
#...## ##...#
##...##
##.....##
#...∩...#
#...∩...#
##.....##
##...##


You could see an ice devil (ally target), an elephant simulacrum, a polar bear
simulacrum and the friendly AIAndy's illusion (summoned).


Message History

The polar bear simulacrum claws you but does no damage.
The ice devil barely misses you.
Use which ability? (? or * to list)
You draw a card...
You have drawn the Orb.
Press: ? - help, Shift-Dir - straight line, f/p - ice devil
Aim: an ice devil (moderately wounded, constricted by you)
The wavering orb of destruction weakly hits the ice devil!
The ice devil is heavily wounded.
You constrict the ice devil. The ice devil misses you.
The polar bear simulacrum bites you. The polar bear simulacrum freezes you!!
* * * LOW HITPOINT WARNING * * *
The polar bear simulacrum claws you but does no damage. x2
Use which ability? (? or * to list)
You draw a card...
You have drawn the Illusion.
Suddenly you stand beside yourself.
You constrict the ice devil! The ice devil hits you!
* * * LOW HITPOINT WARNING * * *
The ice devil freezes you!
* * * LOW HITPOINT WARNING * * *
You feel much better.
You constrict the ice devil, but do no damage.
The polar bear simulacrum bites you!
* * * LOW HITPOINT WARNING * * *
The polar bear simulacrum freezes you!
* * * LOW HITPOINT WARNING * * *
The polar bear simulacrum claws you but does no damage. x2
The ice devil hits you!
You die...
Your body glows slightly and disappears.

Skill      XL: |  1  2  3  4  5  6  7  8  9 10 11 12 |
---------------+-------------------------------------+-----
Unarmed Combat | 4 5 6 7 8 9 10 | 10.3
Shapeshifting  | 4 5 6 7 8 |  8.7
Invocations    | 2 3 5 6 8 9 |  9.1
Spellcasting   | 1 3 4 5 6 |  6.0
Translocations | 1 3 4 6 7 |  7.0
Air Magic      | 1 3 4 6 7 |  7.0
Fighting       | |  1.0
Dodging        | |  2.0

Action                     |  1- 3 |  4- 6 |  7- 9 | 10-12 || total
---------------------------+-------+-------+-------+-------++-------
  Melee: Unarmed           |    42 |   103 |   149 |   353 ||   647
         Tentacles         |     8 |    16 |    29 |       ||    53
         Constrict         |    10 |    25 |    37 |    90 ||   162
         Punch             |     1 |     6 |    12 |       ||    19
  Throw: Dart              |       |       |    11 |       ||    11
         Javelin           |       |       |     6 |       ||     6
   Cast: Vhi's Electric Ch |       |       |     4 |    32 ||    36
 Invoke: Draw Destruction  |       |       |     3 |    14 ||    17
         Draw Summoning    |       |       |     1 |     4 ||     5
         Draw Escape       |       |       |     1 |     2 ||     3
  Evoke: Wand              |       |       |    21 |    19 ||    40
    Use: Potion            |       |       |     2 |     6 ||     8
         Scroll            |       |       |    11 |    10 ||    21
   Stab: Sleeping          |     2 |    11 |     7 |     2 ||    22
         Petrified         |       |       |       |     1 ||     1
 Armour: Skin              |     6 |     3 |     7 |   143 ||   159
  Dodge: Dodged            |    39 |    41 |    91 |   191 ||   362
   Form: Anaconda          |       |       |     1 |       ||     1

Levels and vault maps discovered:
D:1:      spicycebolla_arrival_xxxplode, layout_rooms,
          shapermc_ecumenical_altar_venn, serial_shops, nicolae_shop_crystal
D:2:      minmay_skewed_foursquare, layout_loops_corners, uniq_sigmund,
          uniq_jessica
D:3:      layout_basic, serial_shops, shop
D:4:      layout_gridville, mainiacjoe_overflow_tiny_flanked,
          minmay_temple_entry_butterflies, serial_shops,
          nicolae_shop_just_a_little_nook, grunt_ministairs_14,
          minmay_misc_feat_doors
D:5:      layout_loops_ring, marbit_many_paths, nicolae_stop_n_shop_1,
          nicolae_zen_rock_garden, kennysheep_pointless_box, uniq_blork_the_orc
D:6:      layout_basic, mainiacjoe_overflow_brackets,
          mainiacjoe_overflow_alcove_4, uniq_duvessa, uniq_pikel
D:7:      layout_loops_corners, nicolae_dithmenos_through_a_glass_darkly,
          ebering_ghost_reflecting_pool, serial_bayou_crossing
D:8:      layout_rooms, old_standard_altar, enter_ossuary_5, enter_bailey_5,
          uniq_grum, uniq_erica, uniq_maurice
D:9:      layout_basic, lemuel_doored_altar, orc_0_dummy
D:10:     layout_roguey, nicolae_overflow_hidden_temple, lemuel_tele_altar,
          dpeg_oklobed_lair, lightli_elemental_guards
D:11:     layout_stronghold
D:12:     layout_roguey, portal_ice_cave_entry_pillars_1, uniq_sonja
Temple:   nicolae_temple_figure_eight
IceCv:    ice_cave_tombish

Notes
Turn   | Place    | Note
-------+----------+-------------------------------------------
     0 | D:1      | AIAndy the Octopode Shapeshifter began the quest for the
                  | Orb.
     0 | D:1      | Reached XP level 1. HP: 13/13 MP: 1/1
    27 | D:1      | Reached XP level 2. HP: 10/18 MP: 2/2
    82 | D:1      | Found a faded altar of an unknown god.
   100 | D:1      | Found Kamir's Antique Armour Shoppe.
   463 | D:1      | Reached XP level 3. HP: 13/23 MP: 3/3
   749 | D:2      | Noticed Sigmund
   754 | D:2      | Killed Sigmund
   755 | D:2      | Reached skill level 4 in Unarmed Combat
   755 | D:2      | Reached skill level 4 in Shapeshifting
   755 | D:2      | Reached XP level 4. HP: 20/28 MP: 4/4
   755 | D:2      | Reached XP level 5. HP: 24/33 MP: 5/5
  1325 | D:2      | Noticed Jessica
  1333 | D:2      | Killed Jessica
  1334 | D:2      | Reached skill level 5 in Unarmed Combat
  1334 | D:2      | Reached XP level 6. HP: 32/38 MP: 6/6
  2123 | D:3      | Found the +5 robe of Night {Dark Will+ SInv}
  2234 | D:3      | Found Pashredo's Book Shop.
  2435 | D:4      | Found a hide-covered altar of Uskayaw.
  2453 | D:4      | Found a staircase to the Ecumenical Temple.
  2463 | Temple   | Entered the Ecumenical Temple
  2504 | Temple   | Became a worshipper of Nemelex Xobeh the Trickster
  2932 | D:4      | Found Boafrapt's Distillery.
  2938 | D:4      | Bought a potion of heal wounds for 55 gold pieces
  2938 | D:4      | Bought a potion of curing for 33 gold pieces
  2938 | D:4      | Bought a potion of degeneration for 11 gold pieces
  2938 | D:4      | Bought a potion of might for 44 gold pieces
  3145 | D:4      | Reached skill level 5 in Shapeshifting
  3263 | D:4      | Reached * piety under Nemelex Xobeh
  3263 | D:4      | Received a gift from Nemelex Xobeh
  3401 | D:4      | Learned a level 3 spell: Vhi's Electric Charge
  3421 | D:5      | Entered Level 5 of the Dungeon
  3724 | D:5      | Noticed Blork the orc
  3730 | D:5      | Killed Blork the orc
  3731 | D:5      | Reached XP level 7. HP: 38/43 MP: 7/7
  3754 | D:5      | Found Kaampul's Armour Shoppe.
  3799 | D:5      | Reached skill level 1 in Invocations
  3981 | D:5      | Reached skill level 1 in Spellcasting
  3981 | D:5      | Reached skill level 1 in Translocations
  3981 | D:5      | Reached skill level 1 in Air Magic
  4053 | D:5      | Found a white marble altar of Elyvilon.
  4368 | D:5      | Reached skill level 6 in Unarmed Combat
  4368 | D:5      | Reached skill level 2 in Invocations
  4595 | D:6      | Reached XP level 8. HP: 48/48 MP: 10/10
  4596 | D:6      | Reached skill level 2 in Translocations
  4596 | D:6      | Reached skill level 2 in Air Magic
  4601 | D:6      | Reached skill level 2 in Spellcasting
  4631 | D:6      | Noticed Dowan
  4829 | D:6      | Reached ** piety under Nemelex Xobeh
  4843 | D:6      | Identified the amulet "Woebesmo" {Faith Will+ Regen+ Dex+3}
  4862 | D:6      | Noticed Duvessa
  4864 | D:6      | Killed Dowan
  4868 | D:6      | Killed Duvessa
  4869 | D:6      | Reached skill level 3 in Invocations
  4904 | D:6      | Reached skill level 3 in Translocations
  4910 | D:6      | Reached skill level 3 in Air Magic
  4958 | D:6      | Noticed Pikel
  4966 | D:6      | Killed Pikel
  4967 | D:6      | Reached skill level 3 in Spellcasting
  4967 | D:6      | Reached skill level 6 in Shapeshifting
  4967 | D:6      | Reached XP level 9. HP: 53/53 MP: 12/14
  5029 | D:6      | Found a basalt altar of Yredelemnul.
  5405 | D:6      | Found an ancient bone altar of Kikubaaqudgha.
  5659 | D:7      | HP: 4/48 [wight/+3 mace (14)]
  5761 | D:6      | Reached skill level 4 in Invocations
  5765 | D:6      | Reached skill level 7 in Unarmed Combat
  5944 | D:7      | Reached skill level 4 in Translocations
  6084 | D:7      | Received a gift from Nemelex Xobeh
  6123 | D:7      | Reached skill level 4 in Air Magic
  6244 | D:7      | Reached skill level 4 in Spellcasting
  6494 | D:7      | Reached *** piety under Nemelex Xobeh
  6504 | D:7      | Found a runed translucent door.
  6509 | D:7      | Noticed AdnanSaban's ghost (novice GrFi)
  6634 | D:7      | Found a shadowy altar of Dithmenos.
  6841 | D:8      | Noticed Erica
  6847 | D:8      | Reached skill level 5 in Invocations
  6847 | D:8      | Reached XP level 10. HP: 52/58 MP: 5/16
  6874 | D:8      | Found a sand-covered staircase.
  6881 | Ossuary  | Entered an ossuary
  6960 | Ossuary  | Received a gift from Nemelex Xobeh
  7090 | D:8      | Noticed Grum
  7105 | D:8      | Reached skill level 5 in Translocations
  7142 | D:8      | Reached skill level 5 in Air Magic
  7168 | D:8      | Killed Grum
  7172 | D:8      | HP: 5/54 [poisoned by Erica (bolt of poison)]
  7177 | D:8      | HP: 4/54 [poisoned by Erica (bolt of poison)]
  7258 | D:8      | Reached skill level 8 in Unarmed Combat
  7268 | D:8      | Reached skill level 5 in Spellcasting
  7269 | D:8      | Noticed Maurice
  7278 | D:8      | Killed Maurice
  7292 | D:8      | Found a flagged portal.
  7302 | Bailey   | Entered a bailey
  7341 | Bailey   | Reached **** piety under Nemelex Xobeh
  7346 | Bailey   | Reached skill level 6 in Invocations
  7346 | Bailey   | Reached skill level 7 in Shapeshifting
  7457 | Bailey   | HP: 5/56 [poisoned by a kobold brigand]
  7462 | Bailey   | HP: 4/56 [poisoned by a kobold brigand]
  7523 | Bailey   | Reached skill level 6 in Translocations
  7581 | Bailey   | Reached skill level 6 in Air Magic
  7581 | Bailey   | Reached XP level 11. HP: 37/63 MP: 15/19
  7621 | Bailey   | Found a bloodstained altar of Trog.
  7752 | D:8      | Killed Erica
  7849 | D:8      | Received a gift from Nemelex Xobeh
  7858 | D:8      | Found an ornate altar of the Wu Jian Council.
  8074 | D:9      | Noticed a manticore
  8079 | D:9      | Killed a manticore
  8080 | D:9      | HP: 2/62 [barbs]
  8123 | D:9      | Found a staircase to the Orcish Mines.
  8256 | D:9      | Found an iron altar of Okawaru.
  8526 | D:10     | Entered Level 10 of the Dungeon
  8595 | D:10     | HP: 1/63 [large slime creature (13)]
  8705 | D:10     | Reached skill level 6 in Spellcasting
  8826 | D:10     | Received a gift from Nemelex Xobeh
  9031 | D:10     | Found a bloodstained altar of Trog.
  9051 | D:10     | Reached skill level 7 in Invocations
  9086 | D:10     | Found a staircase to the Lair.
  9086 | D:10     | Noticed an oklob plant
  9140 | D:10     | Found a large runed translucent door.
  9140 | D:10     | Found a large runed translucent door.
  9186 | D:10     | Found a burning altar of Makhleb.
  9218 | D:10     | Reached skill level 9 in Unarmed Combat
  9505 | D:11     | Reached ***** piety under Nemelex Xobeh
  9562 | D:11     | Noticed a green ugly thing
  9569 | D:11     | Killed a green ugly thing
  9570 | D:11     | Reached skill level 7 in Translocations
  9570 | D:11     | Reached skill level 7 in Air Magic
  9611 | D:11     | Received a gift from Nemelex Xobeh
  9656 | D:11     | Noticed a cyclops
  9658 | D:11     | Killed a cyclops
  9784 | D:11     | Reached skill level 8 in Shapeshifting
  9825 | D:11     | Reached skill level 8 in Invocations
  9884 | D:11     | Noticed a green ugly thing
  9890 | D:11     | Reached XP level 12. HP: 33/68 MP: 21/21
 10470 | D:11     | Received a gift from Nemelex Xobeh
 10630 | D:12     | Reached skill level 10 in Unarmed Combat
 10678 | D:12     | Noticed a seven-headed hydra
 10681 | D:12     | Killed a seven-headed hydra
 10718 | D:12     | Found a frozen archway.
 10720 | D:12     | Reached skill level 9 in Invocations
 10742 | IceCv    | Entered an ice cave
 10765 | IceCv    | HP: 5/79 [ice devil (10)]
 10766 | IceCv    | Slain by an ice devil

Vanquished Creatures
  A hydra (D:12)
  Erica (D:8)
  Pikel (D:6)
  A deep elf pyromancer (D:12)
  2 ugly things (D:11)
  A manticore (D:9)
  2 cyclopes
  Maurice (D:8)
  2 gargoyles
  A kobold demonologist (D:11)
  A troll (D:10)
  4 slime creatures
  A vampire (D:9)
  2 wyverns
  Sigmund (D:2)
  2 shadows
  A basilisk (D:11)
  A hog (D:11)
  9 yaks
  Grum (D:8)
  2 steam dragons
  2 vampire mosquitoes (D:11)
  An acid dragon (D:10)
  Duvessa (D:6)
  3 sky beasts
  2 water moccasins
  2 ice beasts
  6 orc warriors
  A black bear (D:7)
  4 wolves (D:8)
  10 centaurs
  10 kobold brigands
  Blork the orc (D:5)
  4 bullfrogs
  A gnoll sergeant (D:11)
  8 wights
  Dowan (D:6)
  14 killer bees
  3 howler monkeys
  3 centaur zombies (Ossuary)
  2 jellies
  2 hounds (D:5)
  3 human zombies (Ossuary)
  2 orc priests (D:9)
  Jessica (D:2)
  6 sleepcaps
  3 iguanas
  9 orc wizards
  A spriggan simulacrum (IceCv)
  2 mummies (Ossuary)
  7 gnolls
  3 adders
  A naga simulacrum (IceCv)
  A shadow imp (D:6)
  2 white imps
  A worm (D:2)
  2 dart slugs
  33 orcs
  8 ball pythons
  6 endoplasms
  2 giant cockroaches
  14 goblins
  7 hobgoblins
  7 jackals
  A quokka (D:1)
  6 bats
  4 frilled lizards
  A goblin zombie (Ossuary)
  8 hobgoblin zombies (Ossuary)
  A jackal zombie (Ossuary)
  34 kobolds
  10 kobold zombies (Ossuary)
  8 orc zombies (Ossuary)
  6 rats
  3 rat zombies (Ossuary)
322 creatures vanquished.

Vanquished Creatures (collateral kills)
  An ugly thing (D:11)
  3 slime creatures (D:12)
  2 centaurs (D:11)
  An orc (D:6)
7 creatures vanquished.

Vanquished Creatures (others)
  An air elemental (D:10)
  A water elemental (D:10)
2 creatures vanquished.

Grand Total: 331 creatures vanquished

Table legend: (Time is in decaauts)
 A = Elapsed time spent in this place.
 B = Non-inter-level travel time spent in this place.
 C = Inter-level travel time spent in this place.
 D = Time resting spent in this place.
 E = Time spent auto-exploring this place.
 F = Levels seen in this place.
 G = Mean time per level.
                   A        B        C        D        E       F      G
               +--------+--------+--------+--------+--------+-----+--------+
         Total |  10713 |  10191 |    522 |    432 |   7528 |  16 |  669.6 |
       Dungeon |  10010 |   9566 |    444 |    340 |   7386 |  12 |  834.2 |
        Temple |     80 |      2 |     78 |      0 |      0 |   1 |   80.0 |
       Ossuary |    194 |    194 |      0 |      0 |      0 |   1 |  194.0 |
        Bailey |    405 |    405 |      0 |     91 |    142 |   1 |  405.0 |
      Ice Cave |     22 |     22 |      0 |      0 |      0 |   1 |   22.0 |
               +--------+--------+--------+--------+--------+-----+--------+

Top non-repeatable levels by time:
     D:5: 1321 daAuts
    D:11: 1200 daAuts
     D:2: 1117 daAuts
     D:6: 1053 daAuts
     D:7: 1012 daAuts
     D:4: 911 daAuts
    D:10: 800 daAuts
     D:1: 662 daAuts
     D:3: 636 daAuts
     D:9: 624 daAuts
     D:8: 550 daAuts
  Bailey: 405 daAuts
 Ossuary: 194 daAuts
    D:12: 118 daAuts
  Temple: 80 daAuts

Table legend:
 A = Non-vault XP
 B = Vault XP
 C = Vault XP percentage of total XP
 D = Non-vault monster count
 E = Vault monster count
 F = Vault count percentage of total count
                 A         B        C        D         E       F
            +---------+---------+-------+---------+---------+-------
      Total |   18307 |    5063 |  21.7 |     240 |      90 |  27.3
            +---------+---------+-------+---------+---------+-------
        D:1 |      37 |       0 |   0.0 |      21 |       0 |   0.0
        D:2 |      47 |     264 |  84.9 |      15 |       8 |  34.8
        D:3 |      26 |       0 |   0.0 |      16 |       0 |   0.0
        D:4 |     191 |       4 |   2.1 |      20 |       2 |   9.1
        D:5 |     420 |     204 |  32.7 |      14 |       2 |  12.5
        D:6 |    1056 |     860 |  44.9 |      28 |       3 |   9.7
        D:7 |    1296 |       0 |   0.0 |      29 |       0 |   0.0
        D:8 |    2121 |    1986 |  48.4 |      25 |      11 |  30.6
        D:9 |    1615 |       0 |   0.0 |      17 |       0 |   0.0
       D:10 |    2645 |       0 |   0.0 |      17 |       0 |   0.0
       D:11 |    5694 |       0 |   0.0 |      30 |       0 |   0.0
       D:12 |    3159 |       0 |   0.0 |       8 |       0 |   0.0
    Ossuary |       0 |     334 | 100.0 |       0 |      39 | 100.0
     Bailey |       0 |    1366 | 100.0 |       0 |      23 | 100.0
      IceCv |       0 |      45 | 100.0 |       0 |       2 | 100.0
            +---------+---------+-------+---------+---------+-------
